 Dungeon Crawl Stone Soup version 0.31.0-32-g396128a36d (webtiles) character file.

Game seed: 14867558455981167473

186 PriceMaster the Apothecary (level 5, -5/32 HPs)
             Began as an Octopode Alchemist on Mar 26, 2024.
             Slain by a gnoll
             ... wielding a +0 halberd
              (7 damage)
             ... on level 4 of the Dungeon.
             The game lasted 00:03:24 (2995 turns).

PriceMaster the Apothecary (Octopode Alchemist)     Turns: 2995, Time: 00:03:25

Health: -5/32      AC:  5    Str:  7    XL:     5   Next: 65%
Magic:  0/9        EV: 13    Int: 20    God:
Gold:   177        SH:  0    Dex: 12    Spells: 4/9 levels left

rFire   . . .        k - +1 dagger (vamp)
rCold   . . .        (no shield)
rNeg    . . .        (helmet restricted)
rPois   .            (no amulet)
rElec   .            c - +4 ring of protection
rCorr   .            (no ring)
SInv    .            (no ring)
Will    .....        (no ring)
Stlth   +++          (no ring)
HPRegen 0.25/turn    (no ring)
MPRegen 0.11/turn    (no ring)
                     (no ring)

%: no passive effects
@: no status effects
A: almost no armour, amphibious, 8 rings, camouflage 1, gelatinous body 1,
(nimble swimmer 1), tentacles
a: no special abilities


You were on level 4 of the Dungeon.
You visited 1 branch of the dungeon, and saw 4 of its levels.

You collected 177 gold pieces.

Inventory:

Hand Weapons
 a - a +0 dagger
 k - a +1 vampiric dagger (weapon)
Jewellery
 c - a +4 ring of protection (left tentacle)
Scrolls
 b - 4 scrolls of identify {unknown}
 e - a scroll of enchant weapon {unknown}
 g - 2 scrolls of noise {unknown}
 i - a scroll of amnesia {unknown}
 l - a scroll of acquirement {unknown}
 m - a scroll of teleportation {unknown}
 n - a scroll of summoning {unknown}
Potions
 f - a potion of curing {unknown}
 h - a potion of haste {unknown}
 j - a potion of ambrosia {unknown}


   Skills:
 + Level 0.7 Fighting
 + Level 2.1 Dodging
 + Level 3.1 Stealth
 + Level 2.8 Spellcasting
 + Level 2.8 Conjurations
 + Level 5.1 Alchemy


You had 4 spell levels left.
You knew the following spells:

 Your Spells              Type           Power      Damage    Failure   Level
a - Sting                 Conj/Alch      72%        1d7       2%          1
b - Olgreb's Toxic Radia  Alch           23%        N/A       19%         4

Your spell library contained the following spells:

 Spells                   Type           Power      Damage    Failure   Level
 Mercury Vapours          Alch/Air       26%        N/A       8%          2
 Summon Small Mammal      Summ           8%         N/A       14%         1
 Mephitic Cloud           Conj/Alch/Air  13%        N/A       14%         3
 Call Canine Familiar     Summ           2%         N/A       41%         3
 Sticky Flame             Fire/Alch      13%        2d5       45%         4
 Summon Blazeheart Golem  Fire/Summ      2%         N/A       82%         4


Dungeon Overview and Level Annotations

Branches:
Dungeon (4/15)
 Temple: D:4-7

Altars:
Xom


Innate Abilities, Weirdness & Mutations

You cannot wear most types of armour.
You are amphibious.
You can wear up to eight rings at the same time.
Your skin changes colour to match your surroundings (Stealth+).
Your rubbery body absorbs attacks. (AC +1, EV +1)
((You are camouflaged when in or above water. (Stealth+)))
You have tentacles for arms and can constrict up to eight enemies at once.


Message History

The gnoll barely misses you. The hound barely misses you.
Okay, then.
Okay, then.
The hound looks even sicker.
The gnoll looks even sicker.
Your toxic aura wanes.
The lemure barely misses you.
You see here a quokka skeleton.
A ribbon worm comes into view.
Found a book of Frost.
The gnoll attacks as it pursues you! The gnoll barely misses you.
The lemure attacks as it pursues you! The lemure misses you.
The hound closely misses you.
Casting: Olgreb's Toxic Radiance (extremely dangerous; 19% risk of failure)
Confirm with . or Enter, or press ? or * to list all spells.
Aiming: Sting (safe; 3% risk of failure)
Press: ? - help, Shift-Dir - straight line, f - hound
Aim: a hound (heavily wounded, very poisoned, 64% to hit)
Okay, then.
The gnoll looks more healthy.
The gnoll attacks as it pursues you! The gnoll barely misses you.
The hound bites you.
* * * LOW HITPOINT WARNING * * *
You see here a scroll labelled NEKHLU QIAGIR.
Okay, then.
Okay, then.
Okay, then.
You kill the gnoll!
Casting: Sting (safe; 2% risk of failure)
Confirm with . or Enter, or press ? or * to list all spells.
Aiming: Sting (safe; 2% risk of failure)
Press: ? - help, Shift-Dir - straight line, f - hound
Aim: a hound (heavily wounded, very poisoned, 64% to hit)
The sting hits the hound.
The hound looks even sicker.
The hound is severely wounded.
The hound barely misses you. The hound bites you.
* * * LOW HITPOINT WARNING * * *
Okay, then.
It was a potion of cancellation.
You feel magically purged.
Your magical contamination has completely faded away.
You kill the gnoll!
The gnoll hits you from afar with a +0 halberd!
You die...

###.........
.#..........
..)........
#.....w.$..
#<...).....
#รท)........
#lg5g......
#.?hg......
##.@......#
##......##
.....###
###...# ...#
..:# ####


You could see a lemure (poisoned), a ribbon worm, an iguana (poisoned), a hound
(very poisoned) and 3 gnolls.

Vanquished Creatures
  Jessica (D:3)
  2 iguanas
  3 adders
  3 gnolls (D:4)
  2 dart slugs
  2 orcs (D:3)
  5 bats
  2 endoplasms
  3 giant cockroaches
  4 goblins
  3 hobgoblins
  4 jackals (D:1)
  5 kobolds
  7 quokkas
  6 ball pythons
  2 frilled lizards (D:1)
  6 rats
60 creatures vanquished.

Notes
Turn   | Place    | Note
-------+----------+-------------------------------------------
     0 | D:1      | PriceMaster the Octopode Alchemist began the quest for the
                  | Orb.
     0 | D:1      | Reached XP level 1. HP: 11/11 MP: 3/3
   326 | D:1      | Reached XP level 2. HP: 17/17 MP: 0/5
   496 | D:1      | Reached skill level 4 in Alchemy
   679 | D:1      | Reached XP level 3. HP: 16/21 MP: 0/6
   977 | D:2      | Found a shimmering altar of Xom.
  1821 | D:3      | Reached XP level 4. HP: 27/27 MP: 5/7
  2339 | D:3      | Identified the +4 spear of Cowardice {flame, Will+}
  2350 | D:3      | Noticed Jessica
  2354 | D:3      | Killed Jessica
  2355 | D:3      | Reached XP level 5. HP: 31/31 MP: 5/8
  2556 | D:3      | Learned a level 4 spell: Olgreb's Toxic Radiance
  2724 | D:4      | Noticed a lemure
  2726 | D:4      | Noticed a lemure
  2727 | D:4      | Reached skill level 5 in Alchemy
  2727 | D:4      | Noticed a lemure
  2995 | D:4      | Slain by a gnoll

Illustrated notes

Levels and vault maps discovered:
D:1:      psy_arrival_radial01, layout_rooms
D:2:      layout_rooms, basic_altar
D:3:      layout_loops_cross, ebering_dispersal_statue_hall, grunt_ministairs_5,
          mrwooster_statue_mirror, dreamdust_mushroom_princess,
          chequers_serial_rivers_small_b, uniq_jessica
D:4:      layout_rooms, uniq_eustachio, uniq_pikel

Skill      XL: |  1  2  3  4  5 |
---------------+----------------+-----
Alchemy        | 4 5 |  5.1
Conjurations   | 2 |  2.8
Stealth        | 3 |  3.1
Fighting       | |  0.7
Dodging        | |  2.1
Spellcasting   | |  2.8

Action                     |  1- 3 |  4- 6 || total
---------------------------+-------+-------++-------
  Melee: Unarmed           |     8 |       ||     8
         Tentacles         |     9 |     1 ||    10
         Constrict         |     7 |     3 ||    10
         Dagger            |     4 |     9 ||    13
         Punch             |     1 |       ||     1
   Cast: Sting             |    68 |    29 ||    97
         Olgreb's Toxic Ra |       |     2 ||     2
    Use: Scroll            |     3 |       ||     3
         Potion            |     1 |     1 ||     2
   Stab: Sleeping          |     1 |       ||     1
 Armour: Skin              |    19 |    17 ||    36
  Dodge: Dodged            |    29 |    20 ||    49
